 Dungeon Crawl Stone Soup version 0.26-a0-1184-g95e395e029 (webtiles) character file.

Game seed: 2584515207557640773

28309 Azzok the Severer (level 13, -9/154 HPs)
             Began as a Demonspawn Berserker on Dec 27, 2020.
             Was a High Priest of Trog.
             Mangled by a ghoul (16 damage)
             ... on level 13 of the Dungeon.
             The game lasted 00:20:37 (15470 turns).

Azzok the Severer (Demonspawn Berserker)           Turns: 15470, Time: 00:20:38

Health: -9/154     AC: 23    Str: 22    XL:     13   Next: 9%
Magic:  13/13      EV:  8    Int:  9    God:    Trog [*****.]
Gold:   722        SH:  9    Dex: 13    Spells: 12/12 levels left

rFire    . . .     SeeInvis .   m - +0 war axe
rCold    . . .     Faith    .   D - +2 kite shield
rNeg     + + .     Spirit   .   j - +7 chain mail of Inference {rN+}
rPois    +         Reflect  .   u - +0 helmet
rElec    .         Harm     .   (no cloak)
rCorr    .         Rampage  .   c - +0 pair of gloves
Will     .....                  d - +1 pair of boots
Stlth    ..........             (no amulet)
HPRegen  0.35/turn              h - ring of positive energy
MPRegen  0.13/turn              N - ring of poison resistance

@: berserking, very quick
A: claws 2, foul stench 1, powered by death 1, miasma immunity, sturdy frame 3
a: Renounce Religion, Berserk, Trog's Hand, Brothers in Arms


You were on level 13 of the Dungeon.
You worshipped Trog.
Trog was extremely pleased with you.
You visited 1 branch of the dungeon, and saw 13 of its levels.
You also visited: Ossuary.

You collected 722 gold pieces.

Inventory:

Hand Weapons
 m - a +0 war axe (weapon)
 q - a +0 flail of protection
 r - a +0 dagger of venom
 M - a +6 antimagic battleaxe
Armour
 c - a +0 pair of gloves (worn)
 d - a +1 pair of boots (worn)
 j - the +7 chain mail of Inference (worn) {rN+}
   (You found it on level 6 of the Dungeon)

   It protects you from negative energy.
 s - a +0 chain mail of cold resistance
 u - a +0 helmet (worn)
 D - a +2 kite shield (worn)
Jewellery
 h - a ring of positive energy (left hand)
 G - an uncursed ring of flight
 N - a ring of poison resistance (right hand)
Wands
 p - a wand of digging (6)
 v - a wand of acid (19)
 J - a wand of paralysis (7)
 L - a wand of iceblast (10)
Scrolls
 e - 3 scrolls of enchant weapon
 g - 4 scrolls of teleportation
 t - 3 scrolls of blinking
 w - 2 scrolls of immolation {unknown}
 y - a scroll of fog {unknown}
 B - 5 scrolls of remove curse
 E - a scroll of vulnerability {unknown}
 F - a scroll of fear {unknown}
 H - 3 scrolls of enchant armour
 K - 2 scrolls of identify
 O - a scroll of holy word {unknown}
Potions
 a - 3 potions of berserk rage
 b - 10 potions of curing
 f - 3 potions of lignification
 i - a potion of attraction
 k - 2 potions of resistance
 l - 4 potions of heal wounds
 n - 2 potions of mutation {!q}
 o - 2 potions of flight {unknown}
 x - 2 potions of brilliance {unknown}
 z - a potion of cancellation {unknown}
 A - 6 potions of haste
 C - 3 potions of invisibility {unknown}
 I - a potion of degeneration {unknown}


   Skills:
 - Level 10.0 Fighting
 + Level 15.9 Axes
 - Level 10.0 Armour
 - Level 1.7 Dodging


You had 12 spell levels left.
You didn't know any spells.
Your spell library was empty.

Dungeon Overview and Level Annotations

Branches:
Dungeon (13/15)            Temple (0/1) D:4            Lair (0/6) D:11
    Orc (0/2) D:12        Ossuary (visited)
 Vaults: D:13-14

Altars:
Ashenzari
Cheibriados
Dithmenos
Elyvilon
Fedhas
Kikubaaqudgha
Makhleb
Nemelex Xobeh
Ru
Sif Muna
Yredelemnul
Zin
The Shining One

Shops:
D:5 (   D:6 :

Annotations:
D:8 2 transporters, exclusion: ice statue, Dracia's ghost, novice DsGl


Innate Abilities, Weirdness & Mutations

You have very sharp fingernails.
You may emit foul miasma when damaged in melee.
You regenerate a little health from kills.
You are immune to miasma.
Your movements are significantly less encumbered by armour. (ER -6)


Message History

* * * LOW HITPOINT WARNING * * *
You block the centaur warrior zombie's attack.
A red film seems to cover your vision as you go berserk!
You feel yourself moving faster!
You feel mighty!
The centaur warrior zombie hits you but does no damage.
The ghoul claws you!
* * * LOW HITPOINT WARNING * * *
You block the ghoul's attack.
You barely miss the ghoul.
The ghoul is almost destroyed.
You hit the centaur warrior zombie.
You block the centaur warrior zombie's attack.
You slash the ghoul!
The ghoul is almost destroyed.
You slash the centaur warrior zombie!
You feel the power of Trog in you as your rage grows.
You destroy the centaur warrior zombie!
Trog accepts your kill. The ghoul claws you but does no damage.
The ghoul claws you!
You die...

[···>···· ·Z······▒
·······▒ ········▒
·······▒ ▒>······▒
·······▒ ▒·······▒
·······▒ ╬·······▒
·······▒ ▒·······▒
▒▒▒·▒▒▒▒ ▒▒'▒▒▒▒▒▒
▒▒·▒ ▒·n▒▒▒ ▒▒··▒
▒▒·@·▒ ▒··▒▒
▒▒▒▒▒▒▒▒'▒▒▒ ▒·▒▒
▒··········▒
▒<▒▒▒▒▒▒▒▒··········▒
······▒··'··········▒
·······<▒▒··········▒
······▒▒▒▒···<······▒
······▒ ▒··········▒
······▒ ▒▒▒▒▒▒▒▒▒▒▒▒


You could see a ghoul.

Vanquished Creatures
  A hydra (D:12)
  A boulder beetle (D:10)
  6 two-headed ogres
  A skeletal warrior (D:13)
  2 cyclopes
  A manticore (D:10)
  5 orange demons
  A red devil (D:11)
  A troll (D:12)
  2 hornets (D:12)
  A meliai zombie (D:12)
  A wraith (D:12)
  A wyvern (D:9)
  19 yaks
  Edmund (D:4)
  Menkaure (D:5)
  2 acid dragons
  Duvessa (D:4)
  A water moccasin (D:12)
  2 black bears
  7 orc warriors
  5 sky beasts
  3 phantoms
  A necrophage (D:12)
  9 ogres
  An ice beast (D:12)
  3 centaurs
  Blork the orc (D:5)
  4 bullfrogs
  2 big kobolds (D:11)
  6 elf zombies (Ossuary)
  A wyvern skeleton (D:12)
  A wyvern zombie (D:12)
  3 scorpions
  Dowan (D:4)
  10 killer bees
  12 wights
  10 centaur zombies
  A quasit (D:9)
  10 orc priests
  3 human zombies (Ossuary)
  3 bullfrog skeletons (D:8)
  5 hounds
  22 orc wizards
  4 centaur skeletons
  5 iguanas
  10 worker ants
  3 mummies (Ossuary)
  2 worker ant zombies (D:10)
  Robin (D:4)
  A howler monkey skeleton (D:6)
  8 adders
  4 shadow imps
  6 white imps
  2 ufetubi
  4 oozes
  An adder skeleton (D:6)
  6 worms
  3 dart slugs
  5 leopard geckos
  54 orcs
  4 giant cockroaches
  17 goblins
  13 hobgoblins
  11 jackals
  2 quokkas
  2 ball pythons
  15 bats
  4 frilled lizards
  18 kobolds
  A leopard gecko skeleton (D:4)
  A leopard gecko zombie (D:8)
  6 rats
388 creatures vanquished.

Vanquished Creatures (others)
  7 plants (D:11)
7 creatures vanquished.

Grand Total: 395 creatures vanquished

Notes
Turn   | Place    | Note
-------+----------+-------------------------------------------
     0 | D:1      | Azzok the Demonspawn Berserker began the quest for the Orb.
     0 | D:1      | Reached XP level 1. HP: 18/18 MP: 1/1
   118 | D:1      | Reached skill level 3 in Axes
   124 | D:1      | Gained mutation: You regenerate a little health from kills.
                  | [demonic ancestry]
   124 | D:1      | Reached XP level 2. HP: 23/24 MP: 2/2
   366 | D:1      | Gained mutation: You have sharp fingernails. [demonic
                  | ancestry]
   366 | D:1      | Reached XP level 3. HP: 29/29 MP: 3/3
   587 | D:1      | Reached ** piety under Trog
  1034 | D:2      | Reached skill level 4 in Axes
  1051 | D:2      | HP: 1/29 [worm (2)]
  1713 | D:2      | Reached XP level 4. HP: 35/35 MP: 4/4
  2592 | D:3      | Gained mutation: Your movements are slightly less
                  | encumbered by armour. (ER -2) [demonic ancestry]
  2592 | D:3      | Reached XP level 5. HP: 28/42 MP: 5/5
  2778 | D:3      | Reached *** piety under Trog
  3375 | D:4      | Reached XP level 6. HP: 14/48 MP: 6/6
  3637 | D:4      | Reached skill level 5 in Axes
  3845 | D:4      | Noticed Dowan
  4234 | D:4      | Killed Dowan
  4470 | D:4      | Noticed Duvessa
  4476 | D:4      | Found a staircase to the Ecumenical Temple.
  4492 | D:4      | Killed Duvessa
  4493 | D:4      | Reached skill level 5 in Fighting
  4493 | D:4      | Gained mutation: You are immune to miasma. [demonic
                  | ancestry]
  4493 | D:4      | Reached XP level 7. HP: 14/56 MP: 7/7
  4733 | D:4      | Noticed Robin
  4747 | D:4      | Killed Robin
  4994 | D:4      | Noticed Edmund
  5017 | D:4      | Killed Edmund
  5316 | D:5      | Entered Level 5 of the Dungeon
  5326 | D:5      | Reached **** piety under Trog
  5464 | D:5      | Reached skill level 6 in Axes
  5540 | D:5      | Found a blossoming altar of Fedhas.
  5662 | D:5      | Noticed Blork the orc
  5668 | D:5      | Reached XP level 8. HP: 64/64 MP: 8/8
  5673 | D:5      | Killed Blork the orc
  5674 | D:5      | Reached skill level 5 in Armour
  5935 | D:5      | Found a glowing silver altar of Zin.
  6211 | D:5      | Found Afavvif's Weapon Boutique.
  6211 | D:5      | Noticed Menkaure
  6232 | D:5      | Killed Menkaure
  6306 | D:5      | Noticed a two-headed ogre
  6488 | D:5      | Killed a two-headed ogre
  6489 | D:5      | Reached skill level 7 in Axes
  6489 | D:5      | Reached XP level 9. HP: 54/72 MP: 9/9
  6659 | D:5      | Reached skill level 9 in Axes
  6659 | D:5      | Gained mutation: Your movements are less encumbered by
                  | armour. (ER -4) [demonic ancestry]
  6659 | D:5      | Reached XP level 10. HP: 85/85 MP: 10/10
  6660 | D:5      | Reached skill level 12 in Axes
  6660 | D:5      | Gained mutation: You have very sharp fingernails. [demonic
                  | ancestry]
  6660 | D:5      | Reached XP level 11. HP: 90/90 MP: 11/11
  6786 | D:5      | Reached skill level 10 in Fighting
  6914 | D:6      | Got a spiked chain mail
  6986 | D:6      | Found a sparkling altar of Nemelex Xobeh.
  7134 | D:6      | Found Yvij's Book Shop.
  7141 | D:6      | Found a sand-covered staircase.
  7148 | Ossuary  | Entered an ossuary
  7360 | Ossuary  | Reached ***** piety under Trog
  7897 | D:7      | Found a shadowy altar of Dithmenos.
  7906 | D:7      | Identified the +7 chain mail of Inference {rN+} (You found
                  | it on level 6 of the Dungeon)
  8379 | D:8      | Found a transporter.
  8412 | D:8      | Noticed Dracia's ghost (novice DsGl)
  8562 | D:8      | Found a shimmering blue altar of Sif Muna.
  8588 | D:8      | Found an ancient bone altar of Kikubaaqudgha.
  8614 | D:8      | Found a transporter.
  8632 | D:8      | Noticed a two-headed ogre
  8906 | D:8      | Received a gift from Trog
  9299 | D:9      | Noticed a two-headed ogre
  9309 | D:9      | Killed a two-headed ogre
 10415 | D:9      | Found a white marble altar of Elyvilon.
 10422 | D:9      | Found a sacrificial altar of Ru.
 10429 | D:9      | Found a burning altar of Makhleb.
 10436 | D:9      | Found a basalt altar of Yredelemnul.
 10443 | D:9      | Found a broken altar of Ashenzari.
 10450 | D:9      | Found a glowing golden altar of the Shining One.
 10455 | D:9      | Found a snail-covered altar of Cheibriados.
 10529 | D:10     | Entered Level 10 of the Dungeon
 10551 | D:10     | Reached skill level 10 in Armour
 10815 | D:10     | Reached skill level 13 in Axes
 11411 | D:10     | Noticed a two-headed ogre
 11418 | D:10     | Killed a two-headed ogre
 11596 | D:10     | Gained mutation: You may emit foul miasma when damaged in
                  | melee. [demonic ancestry]
 11596 | D:10     | Reached XP level 12. HP: 97/97 MP: 12/12
 11716 | D:11     | Found a staircase to the Lair.
 11851 | D:11     | Noticed a boulder beetle
 12202 | D:11     | Reached skill level 14 in Axes
 12564 | D:10     | Killed a boulder beetle
 13289 | D:11     | Received a gift from Trog
 13313 | D:12     | Noticed a two-headed ogre
 13323 | D:12     | Killed a two-headed ogre
 13324 | D:12     | Reached skill level 15 in Axes
 13339 | D:12     | Noticed a two-headed ogre
 13358 | D:12     | Killed a two-headed ogre
 13841 | D:12     | Found a staircase to the Orcish Mines.
 13911 | D:12     | Paralysed by a hornet for 1 turns
 14171 | D:12     | Noticed a seven-headed hydra
 14210 | D:12     | Killed an eight-headed hydra
 14540 | D:12     | Noticed a two-headed ogre
 14554 | D:12     | Killed a two-headed ogre
 14566 | D:12     | Gained mutation: Your movements are significantly less
                  | encumbered by armour. (ER -6) [demonic ancestry]
 14566 | D:12     | Reached XP level 13. HP: 81/103 MP: 4/13
 15439 | D:13     | Noticed a ghoul
 15468 | D:13     | HP: 6/154 [ghoul (17)]
 15470 | D:13     | Mangled by a ghoul

Illustrated notes

Levels and vault maps discovered:
D:1:      minmay_arrival_doors, layout_basic, kennysheep_boxes
D:2:      layout_basic
D:3:      layout_rooms
D:4:      layout_basic, temple_statues, uniq_edmund, uniq_duvessa, uniq_robin
D:5:      layout_basic, fedhas_bush_and_centaur_altar, zin_statuary,
          serial_shops, nicolae_shop_waterfront, uniq_menkaure,
          uniq_blork_the_orc
D:6:      layout_basic, lemuel_doored_altar, serial_shops, shop,
          nicolae_ossuary_entry_monument
D:7:      layout_basic, basic_altar
D:8:      layout_rooms, general_overflow_altar, kennysheep_mini,
          nzn_ghost_randoct, dk_vineyard_2
D:9:      layout_loops_corners, grunt_temple_overflow_octagram,
          minmay_misc_feat_x, serial_park_tiny_pond
D:10:     layout_long_grid, st_stairs_10
D:11:     layout_long_grid, dpeg_oklobed_lair, minmay_beelzebubs_servants
D:12:     layout_long_grid, erik_orc_3, dk_noncrumbling_4
D:13:     layout_roguey, hangedman_vaults_entry_quadrant_bands, serial_undead,
          serial_undead_c, serial_undead_b, serial_undead_e, serial_undead_b,
          kennysheep_generic_room_2

Skill      XL: |  1  2  3  4  5  6  7  8  9 10 11 12 |
---------------+-------------------------------------+-----
Axes           | 3 4 5 6 7 9 12 13 15 | 15.9
Armour         | 2 3 4 6 8 10 | 10.0
Fighting       | 4 5 7 9 10 | 10.0
Dodging        | |  1.7

Action                   |  1- 3 |  4- 6 |  7- 9 | 10-12 | 13-15 || total
-------------------------+-------+-------+-------+-------+-------++-------
Melee: Hand axe          |   126 |   154 |       |       |       ||   280
       War axe           |       |    69 |   186 |  1029 |    83 ||  1367
       Battleaxe         |       |       |       |    19 |       ||    19
Invok: Berserk           |     4 |     5 |     6 |     7 |     1 ||    23
       Trog's Hand       |       |       |     1 |     1 |       ||     2
Evoke: Wand              |       |       |       |     6 |       ||     6
  Use: Scroll            |       |    11 |     3 |     4 |       ||    18
       Potion            |       |       |     1 |     1 |       ||     2
Armor: Animal skin       |    61 |       |       |       |       ||    61
       Ring mail         |       |    57 |       |       |       ||    57
       Chain mail        |       |    37 |    20 |   475 |    46 ||   578
       Plate armour      |       |       |   101 |   107 |       ||   208
Dodge: Dodged            |   138 |   116 |    91 |   276 |    23 ||   644
Block: Kite shield       |       |       |       |   383 |    36 ||   419

Table legend: (Time is in decaauts)
 A = Elapsed time spent in this place.
 B = Non-inter-level travel time spent in this place.
 C = Inter-level travel time spent in this place.
 D = Time resting spent in this place.
 E = Time spent auto-exploring this place.
 F = Levels seen in this place.
 G = Mean time per level.
                   A        B        C        D        E       F      G
               +--------+--------+--------+--------+--------+-----+--------+
         Total |  15665 |  15347 |    318 |   4113 |   7758 |  14 | 1118.9 |
       Dungeon |  15360 |  15042 |    318 |   4013 |   7696 |  13 | 1181.5 |
       Ossuary |    305 |    305 |      0 |    100 |     62 |   1 |  305.0 |
               +--------+--------+--------+--------+--------+-----+--------+

Top non-repeatable levels by time:
    D:12: 1841 daAuts
    D:10: 1761 daAuts
     D:5: 1587 daAuts
     D:9: 1583 daAuts
     D:4: 1552 daAuts
     D:3: 1497 daAuts
     D:2: 1280 daAuts
    D:11: 1199 daAuts
     D:1: 1190 daAuts
     D:7: 642 daAuts
     D:8: 565 daAuts
     D:6: 533 daAuts
 Ossuary: 305 daAuts
    D:13: 124 daAuts
